 Dungeon Crawl Stone Soup version 0.20-a0-465-g6513c8f (webtiles) character file.

10132 PurpleRed the Destroyer (level 11, 0/54 HPs)
             Began as a Deep Elf Venom Mage on Jan 12, 2017.
             Was a Priest of Vehumet.
             Slain by a gargoyle
             ... wielding a +0 morningstar of crushing
              (6 damage)
             ... on level 10 of the Dungeon.
             The game lasted 00:51:49 (14485 turns).

PurpleRed the Destroyer (Deep Elf Venom Mage)      Turns: 14485, Time: 00:51:50

Health: 0/54       AC:  9    Str:  5    XL:     11   Next: 32%
Magic:  11/27      EV: 13    Int: 27    God:    Vehumet [***...]
Gold:   34         SH:  5    Dex: 15    Spells: 5/30 levels left

rFire  + . .     SeeInvis .     L - +1 long sword (holy)
rCold  . . .     Gourm    +     a - +0 robe
rNeg   . . .     Faith    .     m - +0 buckler
rPois  .         Spirit   .     w - +0 helmet
rElec  .         Reflect  .     u - +2 cloak
rCorr  .         Harm     .     (no gloves)
MR     +....                    f - +2 pair of boots "Mentanuce" {Slay+5}
Stlth  +.........               N - amulet of the gourmand
                                p - ring of loudness (curse)
                                A - +3 ring of intelligence

@: no status effects
A: fire resistance 1
a: Renounce Religion


You were on level 10 of the Dungeon.
You worshipped Vehumet.
Vehumet was most pleased with you.
You were completely stuffed.

You visited 2 branches of the dungeon, and saw 11 of its levels.

You collected 424 gold pieces.
You spent 390 gold pieces at shops.

Inventory:

Hand Weapons
 L - a +1 long sword of holy wrath (weapon)
Missiles
 e - 2 throwing nets (quivered)
 i - 15 poisoned needles
Armour
 a - a +0 robe (worn)
 f - the +2 pair of boots "Mentanuce" (worn) {Slay+5}
   (You found it on level 6 of the Dungeon)

   It affects your accuracy and damage with ranged weapons and melee attacks
   (+5).
 m - a +0 buckler (worn)
 u - a +2 cloak (worn)
 w - a +0 helmet (worn)
Jewellery
 p - a cursed ring of loudness (right hand)
 y - an uncursed ring of protection from magic {unknown}
 A - a +3 ring of intelligence (left hand)
 N - an amulet of the gourmand (around neck)
Wands
 K - a wand of enslavement (9/24)
Scrolls
 g - 2 scrolls of fog
 j - 2 scrolls of blinking
 l - 3 scrolls of amnesia
 q - 2 scrolls of teleportation
 x - 2 scrolls of magic mapping
 C - 2 scrolls of recharging
 G - a scroll of immolation
Potions
 d - a potion of curing
 k - 2 potions of brilliance
 n - 2 potions of lignification
 o - 2 potions of magic {unknown}
 r - a potion of might
 s - a potion of resistance
 t - a potion of haste
 v - a potion of cure mutation
 z - a potion of invisibility
 B - 2 potions of flight
 E - 3 potions of heal wounds
 H - a potion of ambrosia
 I - a potion of berserk rage
Books
 b - a Young Poisoner's Handbook

   Spells                             Type                      Level
   a - Sting                          Conjuration/Poison           1
   b - Poisonous Vapours              Poison/Air                   2
   c - Mephitic Cloud                 Conjuration/Poison/Air       3
   d - Olgreb's Toxic Radiance        Poison                       4
   e - Venom Bolt                     Conjuration/Poison           5
 D - a book of Necromancy

   Spells                             Type                      Level
   a - Pain                           Necromancy                   1
   b - Animate Skeleton               Necromancy                   1
   c - Vampiric Draining              Necromancy                   3
   d - Regeneration                   Charms/Necromancy            3
   e - Animate Dead                   Necromancy                   4
   f - Control Undead                 Necromancy                   4
 J - a book of Conjurations

   Spells                             Type                      Level
   a - Magic Dart                     Conjuration                  1
   b - Searing Ray                    Conjuration                  2
   c - Dazzling Spray                 Conjuration/Hexes            3
   d - Fulminant Prism                Conjuration/Hexes            4
   e - Iskenderun's Mystic Blast      Conjuration                  4
   f - Iskenderun's Battlesphere      Conjuration/Charms           5
Comestibles
 c - 2 bread rations
 h - 6 meat rations


   Skills:
 - Level 2.4 Dodging
 - Level 2.4 Stealth
 + Level 4.1 Shields
 - Level 10.4 Spellcasting
 + Level 12.5 Conjurations
 + Level 5.1 Charms
 - Level 10.8 Necromancy
 - Level 3.2 Poison Magic


You had 5 spell levels left.
You knew the following spells:

 Your Spells              Type           Power        Failure   Level  Hunger
a - Magic Dart            Conj           ####         1%          1    None
b - Searing Ray           Conj           ######       1%          2    None
c - Iskenderun's Mystic   Conj           ######..     1%          4    None
d - Iskenderun's Battles  Conj/Chrm      ######..     1%          5    ###....
e - Vampiric Draining     Necr           ######....   1%          3    None
f - Poisonous Vapours     Pois/Air       ###...       3%          2    None
g - Mephitic Cloud        Conj/Pois/Air  #####...     1%          3    None
h - Sting                 Conj/Pois      ####         1%          1    None
i - Pain                  Necr           ####         1%          1    None
r - Regeneration          Chrm/Necr      ######....   1%          3    None


Dungeon Overview and Level Annotations

Branches:
Dungeon (10/15)            Temple (1/1) D:7            Lair (0/6) D:9
    Orc: D:9-12

Altars:
Ashenzari
Cheibriados
Dithmenos
Elyvilon
Fedhas
Gozag
Hepliaklqana
Kikubaaqudgha
Makhleb
Nemelex Xobeh
Okawaru
Qazlal
Ru
Sif Muna
Trog
Uskayaw
Vehumet
Xom
Yredelemnul
Zin
The Shining One

Shops:
D:7 [:(:


Innate Abilities, Weirdness & Mutations

Your flesh is heat resistant. (rF+)


Message History

The orb of energy hits the gargoyle.
The gargoyle is severely damaged.
The orb of energy explodes!
Your battlesphere fires!
The barrage of energy hits the gargoyle.
The gargoyle is severely damaged.
The gargoyle hits you with a morningstar of crushing!!
Casting: Iskenderun's Mystic Blast
Confirm with . or Enter, or press ? or * to list all spells.
Aiming: Iskenderun's Mystic Blast
Press: ? - help, Shift-Dir - straight line, f/p - gargoyle
Aim: a gargoyle, wielding a morningstar of crushing (severely damaged)
The orb of energy hits the gargoyle.
The gargoyle is almost destroyed.
Your battlesphere fires!
The barrage of energy hits the gargoyle.
The gargoyle is almost destroyed.
The gargoyle hits you with a morningstar of crushing!!
* * * LOW HITPOINT WARNING * * *
You die...

####### ############
#...... ...........###
#...... ...........'.#
#...... ...........#.###
#......
....*......#...###......
.......@...###..['......
#######9#### #####......
#.# ##..... #†# ##..####
.†. #....... .....
#....... .......
#....... ........+
#......[ ......./.#
#.......


You could see a gargoyle and a friendly battlesphere.

Vanquished Creatures
  Erolcha (D:9)
  A two-headed ogre (D:8)
  Joseph (D:8)
  A troll (D:8)
  The ghost of PurpleRed the Magician, a novice DEVM of Vehumet (D:4)
  Grinder (D:3)
  A wyvern (D:9)
  Eustachio (D:4)
  8 yaks (D:10)
  2 hungry ghosts
  A steam dragon (D:10)
  Menkaure (D:7)
  Edmund (D:6)
  A water moccasin (D:5)
  3 orc warriors (D:9)
  3 ice beasts
  2 sky beasts
  2 phantoms
  A hornet zombie (D:9)
  9 ogres
  A necrophage (D:8)
  2 wolves (D:8)
  2 centaurs
  5 bullfrogs
  A water moccasin zombie (D:5)
  6 scorpions
  8 killer bees
  4 wights (D:8)
  2 vampire bats (D:7)
  3 howler monkeys
  6 crimson imps
  2 centaur zombies
  2 jellies
  9 hounds
  5 orc priests
  A centaur skeleton (D:8)
  A bullfrog skeleton (D:9)
  5 iguanas
  5 orc wizards
  Jessica (D:2)
  13 worker ants
  3 hound skeletons
  7 gnolls (D:5)
  A howler monkey skeleton (D:4)
  15 adders
  4 shadow imps
  2 adder zombies (D:5)
  2 oozes (D:1)
  3 adder skeletons
  2 worms (D:2)
  4 dart slugs
  2 leopard geckos
  29 orcs
  5 bats
  A bat skeleton (D:7)
  5 bat zombies (D:7)
  3 giant cockroaches
  6 goblins
  9 hobgoblins
  12 jackals
  5 kobolds
  7 quokkas
  2 ball pythons
  4 frilled lizards
  A jackal skeleton (D:2)
  8 rats
268 creatures vanquished.

Notes
Turn   | Place    | Note
-------+----------+-------------------------------------------
     0 | D:1      | PurpleRed the Deep Elf Venom Mage began the quest for the Orb.
     0 | D:1      | Reached XP level 1. HP: 10/10 MP: 6/6
   106 | D:1      | Reached XP level 2. HP: 9/15 MP: 6/8
   258 | D:2      | Learned a level 2 spell: Poisonous Vapours
   401 | D:2      | Reached skill level 2 in Conjurations
   534 | D:2      | Noticed Jessica
   540 | D:2      | Killed Jessica
   540 | D:2      | Reached XP level 3. HP: 19/19 MP: 2/10
   609 | D:2      | Learned a level 3 spell: Mephitic Cloud
  1536 | D:1      | Reached skill level 3 in Conjurations
  1676 | D:1      | Reached XP level 4. HP: 24/24 MP: 9/12
  2388 | D:3      | Found a faded altar of an unknown god.
  2388 | D:3      | Found an iron altar of Okawaru.
  2395 | D:3      | Found a white marble altar of Elyvilon.
  2397 | D:3      | Found a faded altar of an unknown god.
  2398 | D:3      | Found a stormy altar of Qazlal.
  2687 | D:3      | Reached skill level 5 in Spellcasting
  2894 | D:3      | Found a sparkling altar of Nemelex Xobeh.
  2894 | D:3      | Found a deep blue altar of Sif Muna.
  3027 | D:3      | Noticed Grinder
  3059 | D:3      | Paralysed by Grinder for 3 turns
  3121 | D:4      | Found a bloodstained altar of Trog.
  3140 | D:4      | Noticed Eustachio
  3421 | D:4      | Noticed PurpleRed's ghost (novice DEVM)
  3430 | D:5      | Entered Level 5 of the Dungeon
  3447 | D:5      | Reached skill level 4 in Conjurations
  3447 | D:5      | Reached XP level 5. HP: 28/28 MP: 1/15
  3571 | D:5      | Noticed a centaur
  3590 | D:5      | Killed a centaur
  3619 | D:5      | Reached XP level 6. HP: 10/32 MP: 6/17
  3863 | D:5      | Reached skill level 5 in Conjurations
  4214 | D:4      | Found a blossoming altar of Fedhas.
  4238 | D:4      | Reached XP level 7. HP: 22/36 MP: 8/20
  4308 | D:4      | Reached skill level 6 in Conjurations
  5187 | D:3      | Reached skill level 7 in Conjurations
  5481 | D:4      | Reached XP level 8. HP: 39/41 MP: 12/23
  5679 | D:4      | Killed Eustachio
  5933 | D:4      | Gained mutation: Your flesh is heat resistant. (rF+) [potion of beneficial mutation]
  6352 | D:5      | Found a deep blue altar of Sif Muna.
  6768 | D:5      | Reached skill level 8 in Conjurations
  6930 | D:5      | Learned a level 1 spell: Pain
  6943 | D:5      | Reached skill level 10 in Spellcasting
  6950 | D:5      | Learned a level 3 spell: Vampiric Draining
  7018 | D:5      | Learned a level 3 spell: Regeneration
  7150 | D:5      | Reached skill level 1 in Necromancy
  7682 | D:6      | Noticed Edmund
  7689 | D:6      | Killed Edmund
  7689 | D:6      | Reached skill level 5 in Necromancy
  7911 | D:6      | Got a pair of smoking boots
  7922 | D:6      | Identified the +2 pair of boots "Mentanuce" {Slay+5} (You found it on level 6 of the Dungeon)
  8059 | D:6      | Reached XP level 9. HP: 41/45 MP: 15/25
  8566 | D:7      | Found a staircase to the Ecumenical Temple.
  8571 | D:7      | Found Medoteck's Book Emporium.
  8583 | Temple   | Entered the Ecumenical Temple
  8795 | Temple   | Became a worshipper of Vehumet
  9251 | D:7      | Found Uliom's Weapon Boutique.
  9341 | D:7      | Found Faisyph's Armour Shoppe.
  9476 | D:7      | Found Gaopn's Book Emporium.
  9478 | D:7      | Noticed Menkaure
 10005 | D:8      | Noticed a two-headed ogre
 10014 | D:8      | Killed a two-headed ogre
 10014 | D:8      | Reached skill level 10 in Necromancy
 10396 | D:8      | Noticed Joseph
 10411 | D:8      | Killed Joseph
 10411 | D:8      | Reached skill level 9 in Conjurations
 10411 | D:8      | Reached XP level 10. HP: 34/50 MP: 3/26
 10483 | D:8      | Reached * piety under Vehumet
 10483 | D:8      | Offered knowledge of Magic Dart by Vehumet.
 11449 | D:9      | Reached skill level 10 in Conjurations
 11927 | D:9      | Found a staircase to the Lair.
 12046 | D:9      | Noticed Erolcha
 12057 | D:9      | Killed Erolcha
 12057 | D:9      | Reached skill level 1 in Shields
 12057 | D:9      | Reached skill level 11 in Conjurations
 12264 | D:9      | Offered knowledge of Throw Flame by Vehumet.
 12281 | D:9      | Reached ** piety under Vehumet
 12763 | D:10     | Entered Level 10 of the Dungeon
 12769 | D:10     | Reached skill level 12 in Conjurations
 12841 | D:7      | Bought a book of Conjurations for 390 gold pieces
 12843 | D:7      | Learned a level 1 spell: Magic Dart
 12846 | D:7      | Learned a level 2 spell: Searing Ray
 12851 | D:7      | Learned a level 4 spell: Iskenderun's Mystic Blast
 12857 | D:7      | Learned a level 5 spell: Iskenderun's Battlesphere
 13066 | D:7      | Killed Menkaure
 13189 | D:7      | Found an ancient bone altar of Kikubaaqudgha.
 13191 | D:7      | Offered knowledge of Inner Flame by Vehumet.
 13191 | D:7      | Reached skill level 1 in Charms
 13418 | D:4      | Killed PurpleRed's ghost
 13577 | D:3      | Killed Grinder
 13577 | D:3      | Reached XP level 11. HP: 54/54 MP: 20/27
 13959 | D:10     | Reached *** piety under Vehumet
 14374 | D:10     | Offered knowledge of Throw Icicle by Vehumet.
 14445 | D:10     | Reached skill level 5 in Charms
 14485 | D:10     | Slain by a gargoyle

Vault maps used:
D:1:      nagdon_arrival_zigzag_paths
D:2:      first_bread, uniq_jessica
D:3:      chequers_temple_overflow_minitemple,
          gammafunk_temple_overflow_elements, uniq_grinder
D:4:      kennysheep_mini, fedhas_altar_3, uniq_eustachio
D:5:      basic_altar
D:6:      uniq_edmund
D:7:      kennysheep_vampire_church, serial_shops,
          nicolae_shop_temple_entry_statues_fountains, shop, shop,
          shop_fountains, uniq_menkaure
D:8:      uniq_joseph
D:9:      erik_lair_island, uniq_erolcha
Temple:   eino_temple_water

Skill      XL: |  1  2  3  4  5  6  7  8  9 10 11 |
---------------+----------------------------------+-----
Conjurations   | 2 3 4 5 7 8 9 12 | 12.5
Spellcasting   | 4 5 6 7 9 10 | 10.4
Necromancy     | 5 10 | 10.8
Shields        | 3 4 |  4.1
Charms         | 2 5 |  5.1
Dodging        | |  2.4
Stealth        | |  2.4
Poison Magic   | |  3.2

Action                   |  1- 3 |  4- 6 |  7- 9 | 10-12 || total
-------------------------+-------+-------+-------+-------++-------
Melee: Short sword       |    12 |    66 |    47 |       ||   125
       Spear             |       |       |   188 |    65 ||   253
       Long sword        |       |       |       |   111 ||   111
 Cast: Sting             |    19 |    21 |     3 |       ||    43
       Poisonous Vapours |    25 |    68 |   169 |    72 ||   334
       Pain              |       |       |    11 |     3 ||    14
       Vampiric Draining |       |       |    15 |    13 ||    28
       Mephitic Cloud    |       |       |     2 |     2 ||     4
       Regeneration      |       |       |     1 |     3 ||     4
       Magic Dart        |       |       |       |    24 ||    24
       Iskenderun's Batt |       |       |       |    15 ||    15
       Iskenderun's Myst |       |       |       |     7 ||     7
       Searing Ray       |       |       |       |    12 ||    12
  Use: Potion            |       |     2 |     7 |     1 ||    10
       Scroll            |       |       |    23 |     4 ||    27
 Stab: Sleeping          |     1 |       |       |       ||     1
       Confused          |       |       |       |     2 ||     2
  Eat: Chunk             |     3 |     8 |    13 |    24 ||    48
       Meat ration       |       |       |     1 |     1 ||     2
       Pizza             |       |       |     2 |     1 ||     3
Armor: Robe              |     2 |    33 |    72 |    73 ||   180
Dodge: Dodged            |     9 |    64 |   145 |   119 ||   337
Block: Buckler           |       |     7 |    33 |    43 ||    83
       Rpst.: Long sword |       |       |       |    35 ||    35
